 Dungeon Crawl Stone Soup version 0.28.0-53-g5a82cb258f (webtiles) character file.

Game seed: 1843356560966705518

69678 Stomo the Fighter (level 14, -9/127 HPs)
             Began as a Pale Draconian Monk on July 4, 2022.
             Was the Champion of Wu Jian.
             Mangled by a +4 dire flail of protection (28 damage)
             ... on level 1 of the Elven Halls on July 5, 2022.
             The game lasted 01:27:51 (29279 turns).

Stomo the Fighter (Pale Draconian Monk)            Turns: 29279, Time: 01:27:52

Health: -9/127     AC: 11    Str: 17    XL:     14   Next: 91%
Magic:  19/27      EV: 22    Int: 11    God:    Wu Jian [******]
Gold:   612        SH:  5    Dex: 17    Spells: 17/32 levels left

rFire   + . .      SeeInvis .   T - +10 mace of the Final Chapter {pain, rPois rC+}
rCold   + . .      Faith    .   (no shield)
rNeg    . . .      Spirit   .   (armour unavailable)
rPois   +          Reflect  +   (helmet restricted)
rElec   .          Harm     .   (no cloak)
rCorr   .          Rampage  .   (no gloves)
Will    +....                   C - +2 pair of boots {Fly}
Stlth   ++........              t - amulet of Undoing {Reflect rF+ Dex+2 SH+5}
HPRegen 0.31/turn               u - +4 ring of slaying
MPRegen 0.20/turn               e - +4 ring of evasion

@: flying, very slightly contaminated
A: breathe steam, AC +8, unfitting armour, cold-blooded, steam resistance
a: Breathe Steam, Renounce Religion, Wall Jump, Serpent's Lash, Heavenly Storm


You were on level 1 of the Elven Halls.
You worshipped Wu Jian.
Wu Jian was exalted by your worship.
You visited 5 branches of the dungeon, and saw 21 of its levels.
You also visited: Bailey.

You collected 1969 gold pieces.
You spent 1357 gold pieces at shops.

Inventory:

Hand Weapons
 a - a +1 mace
 b - a +0 flail
 r - a +1 whip of flaming
 T - the +10 mace of the Final Chapter (weapon) {pain, rPois rC+}
   (You bought it in a shop on level 2 of the Dungeon)

   In the hands of one skilled in necromantic magic, it inflicts extra damage on
   living creatures.
   rC:        It protects you from cold.
   rPois:     It protects you from poison.
Missiles
 o - 3 throwing nets (quivered)
 D - 21 boomerangs
 H - 264 stones
Armour
 c - a +1 pair of boots
 C - a +2 pair of boots of flying (worn)
Jewellery
 e - a +4 ring of evasion (right hand)
 k - a ring of resist corrosion
 l - a ring of positive energy
 n - a ring of magical power
 s - the amulet "Wumm" {Faith rC+}
   (You found it on level 6 of the Dungeon)

   [amulet of faith]

   It allows you to gain divine favour quickly.
   rC:        It protects you from cold.
 t - the amulet of Undoing (around neck) {Reflect rF+ Dex+2 SH+5}
   (You found it on level 7 of the Dungeon)

   [amulet of reflection]

   It reflects blocked missile attacks.
   Dex:       It affects your dexterity (+2).
   rF:        It protects you from fire.
   SH:        It affects your SH (+5).
 u - a +4 ring of slaying (left hand)
 G - a +6 ring of intelligence
 J - a ring of ice
 Q - a ring of protection from fire
 U - a +4 ring of evasion
Wands
 i - a wand of acid (13)
 m - a wand of flame (12)
 y - a wand of iceblast (5)
 F - a wand of charming (4)
 K - a wand of polymorph (4)
Scrolls
 h - 11 scrolls of identify
 j - 6 scrolls of teleportation
 p - a scroll of fog
 x - 3 scrolls of amnesia
 z - a scroll of brand weapon
 I - 2 scrolls of blinking
 L - a scroll of enchant weapon
 M - 4 scrolls of immolation
 N - 2 scrolls of enchant armour
 R - a scroll of magic mapping
Potions
 d - 2 potions of haste
 f - 3 potions of attraction
 g - 5 potions of mutation
 q - 4 potions of curing
 v - 5 potions of flight
 w - 3 potions of magic
 A - a potion of might
 B - a potion of experience {unknown}
 E - a potion of resistance {unknown}
 O - a potion of degeneration {unknown}
 S - 3 potions of cancellation {unknown}
Miscellaneous
 P - a condenser vane


   Skills:
 - Level 12.6 Fighting
 - Level 11.6 Maces & Flails
 - Level 10.7 Dodging
 - Level 1.7 Stealth
 - Level 9.6 Spellcasting
 - Level 10.3 Conjurations
 - Level 11.4 Fire Magic
 + Level 7.3 Air Magic


You had 17 spell levels left.
You knew the following spells:

 Your Spells              Type           Power      Damage    Failure   Level
a - Scorch                Fire           60%        2d8       1%          2
b - Sticky Flame          Conj/Fire      29%        2d5       1%          4
c - Flame Wave            Conj/Fire      29%        2d8       1%          4
d - Lightning Bolt        Conj/Air       12%        1d25      10%         5

Your spell library contained the following spells:

 Spells                   Type           Power      Damage    Failure   Level
 Static Discharge         Conj/Air       24%        N/A       1%          2
 Corpse Rot               Necr/Air       26%        N/A       4%          2
 Dazzling Flash           Conj/Hex       32%        N/A       4%          3
 Animate Skeleton         Necr           10%        N/A       14%         1
 Freeze                   Ice            20%        1d4       14%         1
 Pain                     Necr           20%        1d5       14%         1
 Hailstorm                Conj/Ice       16%        3d6       16%         4
 Iskenderun's Mystic Bla  Conj/Tloc      16%        2d5       16%         4
 Starburst                Conj/Fire      14%        6d6       24%         6
 Frozen Ramparts          Ice            10%        1d3       38%         3
 Gell's Gravitas          Tloc           5%         N/A       38%         3
 Ozocubu's Armour         Ice            5%         N/A       38%         3
 Teleport Other           Tloc           5%         N/A       38%         3
 Vampiric Draining        Necr           5%         2d6       38%         3
 Animate Dead             Necr           2%         N/A       80%         4
 Dispel Undead            Necr           5%         3d7       80%         4
 Summon Ice Beast         Ice/Summ       5%         N/A       80%         4
 Alistair's Intoxication  Tmut/Pois      3%         N/A       98%         5
 Borgnjor's Vile Clutch   Necr/Erth      2%         N/A       98%         5
 Excruciating Wounds      Necr           2%         N/A       98%         5
 Metabolic Englaciation   Hex/Ice        2%         N/A       98%         5
 Summon Mana Viper        Hex/Summ       5%         N/A       98%         5
 Death Channel            Necr           2%         N/A       100%        6
 Dispersal                Tloc           2%         N/A       100%        6
 Eringya's Noxious Bog    Tmut/Pois      2%         N/A       100%        6
 Simulacrum               Ice/Necr       2%         N/A       100%        6
 Summon Cactus Giant      Summ           2%         N/A       100%        6
 Haunt                    Necr/Summ      2%         N/A       100%        7
 Monstrous Menagerie      Summ           2%         N/A       100%        7
 Infestation              Necr           2%         N/A       100%        8


Dungeon Overview and Level Annotations

Branches:
Dungeon (10/15)            Temple (1/1) D:4            Lair (6/6) D:10
  Swamp (0/4) Lair:3       Spider (0/4) Lair:2        Slime (0/5) Lair:5
    Orc (2/2) D:9             Elf (2/3) Orc:2        Bailey (visited)

Altars:
Ashenzari
Cheibriados
Dithmenos
Elyvilon
Fedhas
Gozag
Hepliaklqana
Kikubaaqudgha
Makhleb
Nemelex Xobeh
Okawaru
Qazlal
Ru
Sif Muna
Trog
Uskayaw
Vehumet
Wu Jian
Xom
Yredelemnul
Zin
The Shining One
Jiyva

Shops:
D:2 (   Orc:2 =(:!(

Annotations:
D:4 Menkaure
D:6 3 runed translucent doors, DemonSlayer's ghost, novice DsFE; Kranky's ghost, novice MiGl
D:9 3 runed translucent doors, DocClef's ghost, novice GnFi
Lair:2 exclusion: 3 oklob plants
Orc:2 3 runed translucent doors, Rudyous's ghost, adept DjFi
Elf:2 Roxanne


Innate Abilities, Weirdness & Mutations

You can breathe blasts of scalding, opaque steam.
Your pale cyan-grey scales are hard. (AC +8)
You cannot fit into any form of body armour.
You are cold-blooded and may be slowed by cold attacks.
You are immune to the effects of steam.


Message History

Found a robe.
Press: ? - help, v - describe, . - travel The floor.
Really fly into a travel-excluded area?
Casting: Sticky Flame (mildly dangerous; 1% risk of failure)
Confirm with . or Enter, or press ? or * to list all spells.
Aiming: Lightning Bolt (dangerous; 10% risk of failure)
Press: ? - help, Shift-Dir - straight line, f - Roxanne
Aim: Roxanne (100% to hit)
You hear a mighty clap of thunder!
The bolt of lightning hits Roxanne.
Roxanne resists.
Roxanne is lightly damaged.
You hear a shout! x3
You have got your breath back.
Really fly into a travel-excluded area?
Roxanne mumbles some strange words.
The iron shot hits you!!!
Casting: Lightning Bolt (dangerous; 10% risk of failure)
Confirm with . or Enter, or press ? or * to list all spells.
Aiming: Lightning Bolt (dangerous; 10% risk of failure)
Press: ? - help, Shift-Dir - straight line, f/p - Roxanne
Aim: Roxanne (lightly damaged, 100% to hit)
You miscast Lightning Bolt.
You are very lightly contaminated with residual magic.
You are caught in an explosion of electrical discharges!
Roxanne mumbles some strange words.
The bolt of magma misses you.
You start resting.
Roxanne mumbles some strange words.
The iron shot hits you!!!
* * * LOW HITPOINT WARNING * * *
A deep elf zephyrmancer comes into view.
It is wielding a +2 dagger of protection.
The deep elf pyromancer casts a spell.
There is a stone staircase leading up here.
Okay, then.
Unknown command.
Unknown command.
You fly upwards.
The +4 dire flail of protection hits you!!
You die...

#....^...#..#
#..#'##..#..#
#..#..#..#..#
#..#..'..#..# #
####..'..#
........#..#
........#..#
################..#
.......@..........#
.......(..........#
###################


You could see a +4 dire flail of protection.

Vanquished Creatures
  Harold (D:7)
  2 boulder beetles
  3 hydras
  6 catoblepae
  4 two-headed ogres
  3 orc high priests
  10 death yaks
  2 deep elf knights (Elf:1)
  3 deep elf archers (Elf:1)
  Pikel (D:6)
  3 orc knights (Bailey)
  11 deep elf pyromancers (Elf:1)
  6 deep elf zephyrmancers (Elf:1)
  A cyclops (Orc:2)
  2 manticores (Lair:6)
  5 orc sorcerers
  3 black mambas
  16 elephants
  2 torpor snails (Lair:5)
  11 cane toads
  A rime drake (Lair:6)
  6 komodo dragons
  2 burning bushes (Lair:6)
  Grinder (D:6)
  4 trolls
  2 polar bears
  Prince Ribbit (D:7)
  A hornet (D:8)
  4 dream sheep (Lair:4)
  17 blink frogs
  A jumping spider (Lair:2)
  Sigmund (D:2)
  5 wyverns
  59 yaks
  A fire elemental (Elf:1)
  A steam dragon (Lair:3)
  4 basilisks
  2 wargs (Orc:2)
  An acid dragon (D:6)
  12 water moccasins
  25 orc warriors
  2 black bears
  An ice beast (D:8)
  A hornet zombie (D:5)
  4 wolves (Lair:2)
  2 necrophages
  4 ogres
  4 centaurs
  2 lemures
  A kobold brigand (D:9)
  12 bullfrogs
  A gnoll sergeant (D:7)
  A wyvern zombie (D:6)
  An earth elemental (Elf:1)
  A wyvern skeleton (D:7)
  2 jellies
  7 howler monkeys
  An electric eel (Lair:6)
  4 centaur zombies
  3 hounds
  2 bullfrog zombies (D:5)
  A gnoll shaman (D:7)
  17 orc priests
  2 centaur skeletons
  Jessica (D:2)
  A bullfrog skeleton (D:5)
  Natasha (twice) (D:4)
  3 iguanas
  31 orc wizards
  11 hell rats
  2 howler monkey zombies
  9 gnolls
  8 adders
  A shadow imp (D:5)
  A white imp (D:8)
  2 ufetubi
  2 dart slugs
  3 worms
  49 orcs
  2 ball pythons
  7 bats
  7 endoplasms
  3 giant cockroaches
  7 goblins
  14 hobgoblins
  3 quokkas
  3 frilled lizards
  17 kobolds
  4 rats
  A spectral kobold (D:1)
516 creatures vanquished.

Vanquished Creatures (others)
  A cane toad (Lair:6)
  A bullfrog (Lair:3)
  32 fungi
  66 plants
100 creatures vanquished.

Grand Total: 616 creatures vanquished

Notes
Turn   | Place    | Note
-------+----------+-------------------------------------------
     0 | D:1      | Stomo the Draconian Monk began the quest for the Orb.
     0 | D:1      | Reached XP level 1. HP: 19/19 MP: 1/1
   239 | D:1      | Reached XP level 2. HP: 24/26 MP: 2/2
   666 | D:1      | Found a faded altar of an unknown god.
  1165 | D:2      | Found Hatac's Weapon Shop.
  1211 | D:2      | Reached XP level 3. HP: 11/33 MP: 3/3
  1577 | D:2      | Noticed Jessica
  1587 | D:2      | Killed Jessica
  1588 | D:2      | Reached skill level 4 in Fighting
  1588 | D:2      | Reached XP level 4. HP: 26/40 MP: 4/4
  2121 | D:2      | Noticed Sigmund
  2703 | D:3      | Reached XP level 5. HP: 37/47 MP: 5/5
  3198 | D:3      | Noticed a water moccasin
  3215 | D:3      | Killed a water moccasin
  3216 | D:3      | Reached skill level 5 in Fighting
  3217 | D:3      | Reached XP level 6. HP: 12/56 MP: 6/6
  3876 | D:4      | Found a staircase to the Ecumenical Temple.
  3888 | Temple   | Entered the Ecumenical Temple
  4191 | Temple   | Became a worshipper of the Wu Jian Council
  4191 | Temple   | Reached * piety under Wu Jian
  4191 | Temple   | Reached ** piety under Wu Jian
  4378 | D:4      | Noticed Menkaure
  5002 | D:4      | Noticed Natasha
  5012 | D:4      | Killed Natasha
  5318 | D:4      | Noticed Natasha
  5324 | D:4      | Killed Natasha
  5402 | D:5      | Entered Level 5 of the Dungeon
  5413 | D:5      | Reached skill level 5 in Maces & Flails
  5443 | D:5      | Your scales start taking on a pale cyan-grey colour.
  5443 | D:5      | Reached XP level 7. HP: 18/62 MP: 7/7
  5443 | D:5      | Gained mutation: You are immune to the effects of steam.
                  | [Pale Draconian growth]
  5875 | D:5      | Reached skill level 5 in Dodging
  5941 | D:5      | Reached skill level 6 in Fighting
  6157 | D:5      | Found a shadowy altar of Dithmenos.
  6649 | D:6      | Reached XP level 8. HP: 71/71 MP: 8/8
  6742 | D:6      | Reached skill level 7 in Fighting
  6811 | D:6      | Noticed Pikel
  6840 | D:6      | Killed Pikel
  6870 | D:6      | Identified the amulet "Wumm" {Faith rC+}
  6873 | D:6      | Found a runed translucent gate.
  6876 | D:6      | Found a runed translucent gate.
  6877 | D:6      | Found a runed translucent gate.
  6877 | D:6      | Noticed Kranky's ghost (novice MiGl)
  6877 | D:6      | Noticed DemonSlayer's ghost (novice DsFE)
  6999 | D:6      | Noticed a komodo dragon
  7046 | D:6      | Killed a komodo dragon
  7047 | D:6      | Reached skill level 8 in Fighting
  7103 | D:6      | Reached *** piety under Wu Jian
  7104 | D:6      | Reached XP level 9. HP: 72/81 MP: 9/9
  7422 | D:6      | Noticed Grinder
  7432 | D:6      | Paralysed by Grinder for 7 turns
  7440 | D:6      | Killed Grinder
  8021 | D:7      | Noticed Prince Ribbit
  8040 | D:7      | Killed Prince Ribbit
  8104 | D:7      | Identified the +6 scimitar of the Priest {speed, Drain rF++
                  | rCorr MP+9}
  8119 | D:7      | Identified the amulet of Undoing {Reflect rF+ Dex+2 SH+5}
  8169 | D:7      | Reached skill level 9 in Fighting
  8355 | D:7      | Noticed Harold
  8382 | D:7      | Killed Harold
  8860 | D:8      | Reached XP level 10. HP: 92/92 MP: 10/10
  8880 | D:8      | Reached skill level 10 in Fighting
  8975 | D:8      | Noticed a two-headed ogre
  9248 | D:8      | Identified the +2 robe "Pavuiq" {Harm rF+ Dex-3 SInv}
  9556 | D:9      | Reached **** piety under Wu Jian
  9627 | D:9      | Found a staircase to the Orcish Mines.
  9933 | D:9      | Learned a level 2 spell: Scorch
  9960 | D:9      | Noticed a two-headed ogre
  9971 | D:9      | Killed a two-headed ogre
  9975 | D:9      | Noticed a two-headed ogre
  9985 | D:9      | Killed a two-headed ogre
 10011 | D:9      | Found a runed translucent gate.
 10011 | D:9      | Found a runed translucent gate.
 10011 | D:9      | Found a runed translucent gate.
 10012 | D:9      | Found a viscous altar of Jiyva.
 10012 | D:9      | Noticed DocClef's ghost (novice GnFi)
 10497 | D:10     | Entered Level 10 of the Dungeon
 10524 | D:10     | Found a staircase to the Lair.
 10592 | D:10     | Found a flagged portal.
 10595 | D:10     | Reached XP level 11. HP: 84/101 MP: 7/15
 10598 | Bailey   | Entered a bailey
 10667 | Bailey   | Noticed an orc knight
 10680 | Bailey   | Noticed an orc knight
 10711 | Bailey   | Learned a level 4 spell: Sticky Flame
 10733 | Bailey   | Noticed an orc knight
 10765 | Bailey   | Killed an orc knight
 10766 | Bailey   | Reached skill level 1 in Conjurations
 10851 | Bailey   | Reached ***** piety under Wu Jian
 10928 | Bailey   | HP: 3/101 [orc knight/+0 war axe (23)]
 10944 | Bailey   | Killed an orc knight
 11381 | Bailey   | Killed an orc knight
 11794 | D:10     | Reached skill level 5 in Fire Magic
 11933 | D:10     | Noticed a two-headed ogre
 11979 | D:10     | Killed a two-headed ogre
 12522 | Lair:1   | Entered Level 1 of the Lair of Beasts
 12529 | D:10     | Reached skill level 5 in Conjurations
 12536 | D:10     | Reached skill level 5 in Spellcasting
 13102 | D:10     | Learned a level 4 spell: Flame Wave
 13666 | Lair:1   | Reached XP level 12. HP: 108/108 MP: 19/21
 13795 | Lair:1   | Noticed an eight-headed hydra
 13803 | Lair:1   | Killed an eight-headed hydra
 13822 | Lair:1   | Reached skill level 10 in Maces & Flails
 14696 | Lair:2   | Reached skill level 11 in Fighting
 15329 | Lair:2   | Found a hole to the Spider Nest.
 15651 | Lair:2   | Identified the amulet "Codghos" {Spirit Rampage rC- rN+
                  | Str+2 Int+4}
 16497 | Lair:3   | Found a staircase to the Swamp.
 16707 | Lair:3   | Noticed a catoblepas
 16737 | Lair:3   | Killed a catoblepas
 17618 | Lair:4   | Noticed a catoblepas
 17632 | Lair:4   | Killed a catoblepas
 18376 | Lair:4   | Noticed a death yak
 18376 | Lair:4   | Noticed a death yak
 18377 | Lair:4   | Noticed a death yak
 18377 | Lair:4   | Noticed a death yak
 18377 | Lair:4   | Noticed a death yak
 18432 | Lair:3   | Killed a death yak
 18433 | Lair:3   | Reached XP level 13. HP: 15/116 MP: 14/24
 19740 | Lair:5   | Reached skill level 10 in Dodging
 19945 | Lair:5   | Found a staircase to the Slime Pits.
 21475 | Lair:6   | Entered Level 6 of the Lair of Beasts
 21476 | Lair:6   | Found a glowing golden altar of the Shining One.
 21536 | Lair:5   | Reached skill level 12 in Fighting
 21890 | Lair:6   | Reached skill level 10 in Fire Magic
 23019 | Lair:6   | Reached XP level 14. HP: 118/126 MP: 21/26
 24630 | Orc:1    | Entered Level 1 of the Orcish Mines
 25386 | Orc:1    | Reached skill level 10 in Conjurations
 25532 | Orc:2    | Entered Level 2 of the Orcish Mines
 25733 | Orc:2    | Found a staircase to the Elven Halls.
 25851 | Orc:2    | Found Gommeb's Weapon Shop.
 26795 | D:2      | Killed Sigmund
 26799 | D:2      | Bought the +10 mace of the Final Chapter {pain, rPois rC+}
                  | for 757 gold pieces
 27119 | Orc:2    | Found a runed translucent gate.
 27120 | Orc:2    | Found a runed translucent gate.
 27120 | Orc:2    | Found a runed translucent gate.
 27293 | Orc:1    | Reached ****** piety under Wu Jian
 27765 | Orc:2    | Found Sifecuot's Book Emporium.
 27765 | Orc:2    | Found Wizysushox's Distillery.
 27766 | Orc:2    | Found Zuisugari's Weapon Shoppe.
 27770 | Orc:2    | Found Fyn Quqe's Jewellery Shoppe.
 27777 | Orc:2    | Bought the Handbook of Dark Blows and Bruises for 600 gold
                  | pieces
 27783 | Orc:2    | Learned a level 5 spell: Lightning Bolt
 27979 | Orc:2    | Noticed Rudyous's ghost (adept DjFi)
 28027 | Elf:1    | Entered Level 1 of the Elven Halls
 28034 | Elf:1    | Reached skill level 1 in Air Magic
 28052 | Elf:1    | Found a radiant altar of Vehumet.
 28333 | Elf:1    | Reached skill level 5 in Air Magic
 29096 | Elf:1    | Noticed a deep elf sorcerer
 29263 | Elf:2    | Identified Roxanne's Tome of Earth
 29263 | Elf:2    | Noticed Roxanne
 29279 | Elf:1    | Mangled by a +4 dire flail of protection

Illustrated notes

Levels and vault maps discovered:
D:1:      onia_arrival_pyramid, layout_basic,
          dreamdust_ecumenical_altar_drowned_temple, nrook_mini_backslash
D:2:      layout_loops_ring, serial_shops, nicolae_shop_hallway_plus,
          hangedman_abyss_or_decor_stabs, minmay_misc_feat_tiny, uniq_sigmund,
          uniq_jessica
D:3:      layout_basic, solitary_fountain
D:4:      layout_basic, minmay_temple_entry_mist, uniq_menkaure, uniq_natasha
D:5:      layout_basic, nicolae_dithmenos_shadow_blocks, sigmund_army
D:6:      layout_basic, gammafunk_ghost_cemetery, uniq_grinder, uniq_pikel
D:7:      layout_rooms, uniq_harold, uniq_prince_ribbit1
D:8:      layout_gridville
D:9:      layout_small_grid, david_orc_2, gammafunk_ghost_ooze
D:10:     layout_basic, david_lair_shrubbed, enter_bailey_4
Temple:   mainiacjoe_temple_hex_bubbles
Lair:1:   layout_layer_cave, grunt_megastairs_1, lemuel_fruit_tree,
          lemuel_fruit_fields
Lair:2:   dpeg_oklob_gauntlet, layout_hall_layers, spider_nest_entry_a,
          minivault_24, infiniplex_staircase_pool_2
Lair:3:   layout_chaotic_city, swamp_mist, serial_bayou_shore_b
Lair:4:   layout_hall_layers, serial_bayou_shore_a
Lair:5:   layout_cave_pods, dpeg_slime_entry_corner,
          nicolae_lair_grove_arrangements
Lair:6:   evilmike_catoblepas_cave, layout_gridlike, basic_altar,
          evilmike_ambush [evilmike_ambush_outer_basic,
          evilmike_ambush_inner_basic], infiniplex_staircase_pool
Orc:1:    layout_caves
Orc:2:    st_orc_mages, layout_diamond_mine, ebering_ghost_rock_garden,
          serial_shops, shop
Elf:1:    eino_elf_arrival_altar, layout_onion_city, serial_shops, shop,
          minmay_elf_necromancy, nicolae_shop_sticking_my_neck_out, uniq_azrael
Elf:2:    elven_hall_of_blades_hangedman_alternative
          [nicolae_blade_entry_sentries_behind_glass], layout_geoelf_octagon,
          uniq_roxanne

Skill      XL: |  1  2  3  4  5  6  7  8  9 10 11 12 13 14 |
---------------+-------------------------------------------+-----
Dodging        | 3 4 5 6 8 9 10 | 10.7
Fighting       | 4 5 6 8 9 10 11 12 | 12.6
Maces & Flails | 4 5 6 7 8 9 10 11 | 11.6
Spellcasting   | 3 6 7 8 9 |  9.6
Fire Magic     | 3 7 8 10 11 | 11.4
Conjurations   | 6 7 9 10 | 10.3
Air Magic      | 7 |  7.3
Stealth        | |  1.7

Action                   |  1- 3 |  4- 6 |  7- 9 | 10-12 | 13-15 || total
-------------------------+-------+-------+-------+-------+-------++-------
Melee: Mace              |    94 |   186 |    81 |       |   141 ||   502
       Tailslap          |     3 |    22 |    37 |    85 |   179 ||   326
       Punch             |       |     5 |     9 |    11 |    21 ||    46
       Whip              |       |       |    96 |   431 |   581 ||  1108
Throw: Throwing net      |       |       |       |       |     1 ||     1
 Cast: Scorch            |       |       |       |    51 |    28 ||    79
       Sticky Flame      |       |       |       |    25 |    67 ||    92
       Flame Wave        |       |       |       |    31 |    46 ||    77
       Lightning Bolt    |       |       |       |       |     8 ||     8
Invok: Lunge             |       |     4 |    13 |    22 |    27 ||    66
       Whirlwind         |       |     3 |     9 |    55 |    98 ||   165
       Serpent's Lash    |       |       |       |     4 |     1 ||     5
       Heavenly Storm    |       |       |       |     1 |       ||     1
 Abil: Wall Jump         |       |     1 |     1 |       |       ||     2
       Breathe Steam     |       |       |    41 |    82 |    56 ||   179
  Use: Scroll            |     2 |     5 |     3 |    10 |       ||    20
       Potion            |       |     3 |     1 |     3 |     1 ||     8
 Stab: Sleeping          |     5 |     6 |       |     3 |     2 ||    16
       Distracted        |       |       |       |       |     1 ||     1
Armor: Skin              |    28 |    62 |    31 |    84 |    93 ||   298
Dodge: Dodged            |    79 |   142 |   176 |   360 |   539 ||  1296
Block: Other             |       |       |       |    77 |   108 ||   185
       Reflection        |       |       |       |     3 |     1 ||     4
